 Dungeon Crawl Stone Soup version 0.31-a0-233-g139696dc86 (webtiles) character file.

Game seed: 12674496814111452743

164 qw the Shooter (level 5, 0/31 HPs)
             Began as a Gargoyle Hexslinger on July 9, 2023.
             Slain by an iguana (4 damage)
             ... on level 4 of the Dungeon.
             The game lasted 00:01:07 (2272 turns).

qw the Shooter (Gargoyle Hexslinger)                Turns: 2272, Time: 00:01:07

Health: 0/31       AC: 10    Str: 17    XL:     5   Next: 45%
Magic:  6/6        EV:  8    Int: 14    God:
Gold:   55         SH:  0    Dex: 14    Spells: 5/6 levels left

rFire   . . .        Y - +1 shortbow
rCold   + . .        (shield currently unavailable)
rNeg    + . .        c - +0 ring mail
rPois   inf          (no helmet)
rElec   +            e - +0 cloak
rCorr   .            (no gloves)
SInv    .            (no boots)
Will    .....        (no amulet)
Stlth   +            j - ring of protection from cold
HPRegen 0.25/turn    a - +6 ring of strength
MPRegen 0.10/turn

%: clarity
@: grasped by roots, constricted
A: sickness immunity, AC +4, negative energy resistance 1, electricity
resistance, torment resistance 1, petrification resistance, hooves 1, clarity,
devolution 1
a: no special abilities


You were on level 4 of the Dungeon.
You visited 1 branch of the dungeon, and saw 4 of its levels.

You collected 159 gold pieces.
You spent 104 gold pieces at shops.


Innate Abilities, Weirdness & Mutations

You are immune to sickness and miasma.
Your stone body is resilient. (AC +4)
You are immune to poison.
You resist negative energy. (rN+)
You are resistant to electric shocks. (rElec)
You are resistant to unholy torment.
You are immune to petrification.
You have large cloven feet.
You possess an exceptional clarity of mind.
You have hidden genetic defects.


   Skills:
 - Level 2.5 Fighting
 - Level 5.0 Ranged Weapons
 + Level 0.4 Armour
 - Level 1.5 Dodging
 - Level 1.0 Spellcasting
 - Level 2.6 Hexes


You had 5 spell levels left.
You knew the following spells:

 Your Spells              Type           Power      Damage    Failure   Level
a - Slow                  Hex            32%        N/A       16%         1

Your spell library contained the following spells:

 Spells                   Type           Power      Damage    Failure   Level
 Inner Flame              Hex/Fire       4%         N/A       63%         3
 Portal Projectile        Hex/Tloc       8%         N/A       63%         3
 Cause Fear               Hex            4%         N/A       85%         4

Inventory:

Hand Weapons
 Y - a +1 shortbow (weapon)
Armour
 c - a +0 ring mail (worn)
 e - a +0 cloak (worn)
 i - a +1 hat
Jewellery
 a - a +6 ring of strength (right hand)
 j - a ring of protection from cold (left hand)
Scrolls
 b - a scroll of identify
 k - 3 scrolls of teleportation
 m - a scroll of enchant armour {unknown}
Potions
 d - a potion of mutation
 f - a potion of haste {unknown}
 g - a potion of cancellation
 h - a potion of might
 l - a potion of heal wounds {unknown}
 n - 2 potions of enlightenment {unknown}

Dungeon Overview and Level Annotations

Branches:
Dungeon (4/15)
 Temple: D:4-7

Altars:
Vehumet
Wu Jian

Shops:
D:3 [

Annotations:
D:3 2 runed translucent doors
D:4 Ijyb


Message History

You hear an angry hiss.
You shoot an arrow. The arrow closely misses the goblin.
The grasping roots constrict you.
You shoot an arrow. The arrow closely misses the goblin.
The arrow barely misses the goblin.
The arrow hits Ijyb but does no damage.
The grasping roots constrict you.
You shoot an arrow. The arrow closely misses the goblin.
The goblin hits you but does no damage. x2; The grasping roots constrict you.
The goblin hits you with a +0 dagger.
The grasping roots release their grip on you.
You shoot an arrow. The arrow hits the goblin.
The goblin is severely wounded.
The goblin completely misses you.
You shoot an arrow. The arrow misses the goblin.
The goblin hits you but does no damage.
An iguana comes into view.
You shoot an arrow. The arrow barely misses the goblin.
The iguana hisses angrily.
The goblin hits you but does no damage. x2
You shoot an arrow. The arrow hits the goblin.
You kill the goblin!
The goblin hits you but does no damage. x2; Ijyb hits you but does no damage.
You shoot an arrow. The arrow closely misses Ijyb.
The arrow hits the goblin.
You kill the goblin!
The goblin barely misses you.
The iguana hisses menacingly.
You shoot an arrow. The arrow hits Ijyb but does no damage.
The goblin closely misses you. Ijyb barely misses you.
You shoot an arrow. The arrow hits Ijyb but does no damage.
The goblin hits you with a +0 dagger.
Ijyb zaps a wand.
The roots erupt in riotous growth!
The grasping roots grab you!
The goblin is unaffected.
The iguana is unaffected.
Ijyb is unaffected.
The grasping roots constrict you. The iguana bites you.
You shoot an arrow. The arrow hits Ijyb but does no damage.
The goblin hits you but does no damage. The iguana bites you!
Ijyb hits you with a +0 dagger. The grasping roots constrict you.
The goblin hits you but does no damage. Ijyb hits you but does no damage.
The grasping roots constrict you. The iguana bites you.
You die...

# # #.###..# #...# #####
.#.......## #..# #.#.....
....##..#8.....8#####..###.#.....
#.......#..)....#..........# .#..
........#8.....8#####..##### 8# .
#<.###..#.$.....### #..#####.##
#..# .#8.....8#.###........# #..#
#......g#......####### #..#
.#.....gl@.###..# #..#
.........#g## #..#
#..##............. ?..#
#...........##########..
#....#####. #### #.##.# # #....#
.....# #.##.#


You could see Ijyb, an iguana and 2 goblins.

Vanquished Creatures
  6 adders
  3 gnolls (D:3)
  4 dart slugs
  3 orcs (D:2)
  5 ball pythons
  3 endoplasms
  2 giant cockroaches
  10 goblins
  6 hobgoblins
  5 jackals
  7 kobolds
  9 bats
  4 frilled lizards
  2 rats
69 creatures vanquished.

Notes
Turn   | Place    | Note
-------+----------+-------------------------------------------
     0 | D:1      | qw the Gargoyle Hexslinger began the quest for the Orb.
     0 | D:1      | Reached XP level 1. HP: 12/12 MP: 2/2
     0 | D:1      | 0 ||| qw: Version: 0.3-a-51-g015441d
     0 | D:1      | 0 ||| qw: Game counter: 3812
     0 | D:1      | 0 ||| qw: Melee chars always use a shield: true
     0 | D:1      | 0 ||| qw: God list: Okawaru
     0 | D:1      | 0 ||| qw: Allow faded altars: false
     0 | D:1      | 0 ||| qw: Do Orc after clearing Dungeon:15 true
     0 | D:1      | 0 ||| qw: Do second Lair branch before Depths: true
     0 | D:1      | 0 ||| qw: Lair rune preference: random
     0 | D:1      | 0 ||| qw: Goals: Normal
     0 | D:1      | 0 ||| PLANNING D:1-11
   186 | D:1      | Reached XP level 2. HP: 11/16 MP: 3/3
   313 | D:1      | Reached skill level 3 in Ranged Weapons
   519 | D:1      | Reached XP level 3. HP: 21/21 MP: 4/4
   869 | D:1      | 869 ||| UPGRADING to +0 cloak.
   874 | D:1      | 874 ||| UPGRADING to ring of protection from cold.
   875 | D:1      | 875 ||| READING scroll labelled IKYTUARUVO.
   876 | D:1      | 876 ||| READING scroll labelled DERUXK EVULAO.
   877 | D:1      | 877 ||| READING scroll labelled BIRACR FEISUIH.
   891 | D:1      | 891 ||| READING scroll labelled POSITRIGAU.
   896 | D:1      | 896 ||| DROPPING scroll of poison.
  1034 | D:2      | Reached XP level 4. HP: 26/26 MP: 5/5
  1059 | D:2      | 1059 ||| SWAPPING to +0 shortbow.
  1060 | D:2      | 1060 ||| DROPPING +1 sling.
  1076 | D:2      | Reached skill level 4 in Ranged Weapons
  1168 | D:2      | Found an ornate altar of the Wu Jian Council.
  1501 | D:2      | 1501 ||| UPGRADING to +0 leather armour.
  1511 | D:2      | 1511 ||| DROPPING +0 robe.
  1512 | D:2      | 1512 ||| UPGRADING to +6 ring of strength.
  1513 | D:2      | 1513 ||| READING scroll labelled CAYFUENELI.
  1514 | D:2      | 1514 ||| READING scroll labelled ITUHA GURUTZ.
  1515 | D:2      | 1515 ||| DRINKING 2 emerald potions.
  1516 | D:2      | 1516 ||| DROPPING potion of attraction.
  1729 | D:3      | Found Iskat's Antique Armour Shoppe.
  1735 | D:3      | 1735 ||| SHOPLISTING +1 robe of Vines {NoPotionHeal
                  | Regen++++} (2080 gold, have 121).
  1735 | D:3      | 1735 ||| SHOPLISTING +4 Cigotuvi's embrace {Corpsefed
                  | rMiasma Drain rN+} (717 gold, have 121).
  1735 | D:3      | 1735 ||| SHOPLISTING pair of embroidered gloves (195 gold,
                  | have 121).
  1735 | D:3      | 1735 ||| BUYING ring mail (104 gold).
  1735 | D:3      | Bought a ring mail for 104 gold pieces
  1735 | D:3      | 1735 ||| SHOPLISTING runed robe (96 gold, have 17).
  1771 | D:3      | Reached XP level 5. HP: 29/30 MP: 6/6
  1795 | D:3      | Reached skill level 5 in Ranged Weapons
  1833 | D:3      | Found a faded altar of an unknown god.
  1869 | D:3      | Found a large runed translucent door.
  1869 | D:3      | Found a large runed translucent door.
  1973 | D:3      | Found a radiant altar of Vehumet.
  2125 | D:3      | 2125 ||| UPGRADING to +0 ring mail.
  2135 | D:3      | 2135 ||| DROPPING +0 leather armour.
  2136 | D:3      | 2136 ||| READING scroll labelled JAJETT KECUR.
  2137 | D:3      | 2137 ||| READING scroll labelled XARCHEI FAJUSH.
  2138 | D:3      | 2138 ||| DRINKING 2 lumpy yellow potions.
  2138 | D:3      | Gained mutation: You have large cloven feet. [potion of
                  | mutation]
  2138 | D:3      | Gained mutation: You have hidden genetic defects. [potion
                  | of mutation]
  2138 | D:3      | Gained mutation: You possess an exceptional clarity of
                  | mind. [potion of mutation]
  2139 | D:3      | 2139 ||| READING 3 scrolls of identify.
  2139 | D:3      | 2139 ||| IDENTIFYING inky potion
  2140 | D:3      | 2140 ||| READING 2 scrolls of identify.
  2140 | D:3      | 2140 ||| IDENTIFYING murky red potion
  2158 | D:4      | 2158 ||| PLANNING OSSUARY
  2258 | D:4      | Noticed Ijyb
  2260 | D:4      | 2260 ||| Stepping ~*~*~tactically~*~*~ (outnumbered).
  2272 | D:4      | HP: 4/31 [constriction (4)]
  2272 | D:4      | Slain by an iguana

Levels and vault maps discovered:
D:1:      amcnicky_arrival_flooded_fountain, layout_loops_corners,
          minmay_pentomino_s4
D:2:      layout_rooms, basic_altar
D:3:      layout_basic, mainiacjoe_overflow_brackets, jmf_multi_god_temple2,
          chequers_ecumenical_altar_simple_redux, serial_shops, shop
D:4:      kennysheep_the_goblin_king, layout_loops_ring,
          nzn_wu_jian_contemplation, serial_shops, nicolae_inconvenience_store,
          lightli_ossuary_entry_decrepit_ruins, gup_sewer_entry_spiral

Skill      XL: |  1  2  3  4  5 |
---------------+----------------+-----
Ranged Weapons | 3 4 5 |  5.0
Fighting       | 2 |  2.5
Armour         | |  0.4
Dodging        | |  1.5
Spellcasting   | |  1.0
Hexes          | |  2.6

Action                     |  1- 3 |  4- 6 || total
---------------------------+-------+-------++-------
   Fire: Sling             |   142 |     4 ||   146
         Shortbow          |       |   126 ||   126
    Use: Scroll            |     4 |     6 ||    10
         Potion            |       |     2 ||     2
 Armour: Robe              |    56 |    15 ||    71
         Leather armour    |       |     7 ||     7
         Ring mail         |       |    11 ||    11
  Dodge: Dodged            |    78 |    55 ||   133

Table legend:
 A = Non-vault XP
 B = Vault XP
 C = Vault XP percentage of total XP
 D = Non-vault monster count
 E = Vault monster count
 F = Vault count percentage of total count
                 A         B        C        D         E       F
            +---------+---------+-------+---------+---------+-------
      Total |     222 |      13 |   5.5 |      61 |       8 |  11.6
            +---------+---------+-------+---------+---------+-------
        D:1 |      45 |       6 |  11.8 |      23 |       4 |  14.8
        D:2 |     102 |       0 |   0.0 |      24 |       0 |   0.0
        D:3 |      73 |       0 |   0.0 |      13 |       0 |   0.0
        D:4 |       2 |       7 |  77.8 |       1 |       4 |  80.0
            +---------+---------+-------+---------+---------+-------
